 Dungeon Crawl Stone Soup version 0.22.1-2-g9c5b331 (webtiles) character file.

54 diana the Sneak (level 3, 0/25 HPs)
             Began as an Octopode Assassin on Dec 27, 2018.
             Slain by an adder (4 damage)
             ... on level 1 of the Dungeon.
             The game lasted 00:01:06 (871 turns).

diana the Sneak (Octopode Assassin)                  Turns: 871, Time: 00:01:07

Health: 0/25       AC:  1    Str: 10    XL:     3   Next: 91%
Magic:  3/3        EV: 13    Int: 13    God:
Gold:   57         SH:  0    Dex: 14    Spells: 2/2 levels left

rFire    . . .     SeeInvis .   a - +2 dagger
rCold    . . .     Gourm    .   (no shield)
rNeg     . . .     Faith    .   (helmet restricted)
rPois    .         Spirit   .   (no amulet)
rElec    .         Reflect  .   j - ring of stealth
rCorr    .         Harm     .   (no ring)
MR       .....                  (no ring)
Stlth    +++++.....             (no ring)
HPRegen  0.08/turn              (no ring)
MPRegen  0.08/turn              (no ring)
                                (no ring)
                                (no ring)

@: no status effects
A: almost no armour, stealthy swim, amphibious, 8 rings, constrict 8, camouflage
1, gelatinous body 1
a: no special abilities


You were on level 1 of the Dungeon.
You were not hungry.

You visited 1 branch of the dungeon, and saw 2 of its levels.

You collected 57 gold pieces.

Inventory:

Hand Weapons
 a - a +2 dagger (weapon)
 b - a +0 blowgun
Missiles
 c - 8 poisoned needles
 d - 2 curare-tipped needles
Jewellery
 j - a ring of stealth (left tentacle)
Scrolls
 e - a scroll of blinking {unknown}
 h - a scroll of remove curse {unknown}
 i - a scroll of identify {unknown}
 k - a scroll of amnesia {unknown}
Potions
 g - a potion of lignification {unknown}
Comestibles
 f - 2 rations


   Skills:
 + Level 2.5 Fighting
 + Level 2.5 Short Blades
 - Level 2.0 Throwing
 + Level 1.7 Dodging
 * Level 6.2 Stealth


You had 2 spell levels left.
You didn't know any spells.
Your spell library was empty.

Dungeon Overview and Level Annotations

Branches:
Dungeon (2/15)

Altars:


Innate Abilities, Weirdness & Mutations

You cannot wear most types of armour.
You are very stealthy in the water. (Stealth+)
You are amphibious.
You can wear up to eight rings at the same time.
You can use your tentacles to constrict eight enemies at once.
Your skin changes colour to match your surroundings (Stealth+).
Your rubbery body absorbs attacks. (AC +1, EV +1)


Message History

The adder barely misses you.
You climb upwards.
There is a stone staircase leading down here.
You hit the adder but do no damage. Your grab misses the adder.
The adder is lightly wounded.
The goblin barely misses you. The adder bites you.
You hit the adder. Your grab misses the adder.
The adder is moderately wounded.
The goblin closely misses you. The adder barely misses you.
You hit the adder. Your grab misses the adder. You squeeze the adder.
The adder is heavily wounded.
The adder closely misses you. The goblin hits you with a dagger.
* * * LOW HITPOINT WARNING * * *
The goblin hits you with a dagger.
* * * LOW HITPOINT WARNING * * *
The adder closely misses you.
You hit the adder. Your grab misses the adder.
The adder is almost dead.
The adder bites you.
You die...

#......# #.....## #......#
#.#.#.#
#......######.#.#.#
#...........#...#.#
##..............##.######
#...............##.#....#
#.....#.#.#.#.#.#.#.#.#.#
#.........Sg.....)......#
#...###.#@#.#.#.#.#.#.#.##
###.##.)..................
###.###.#.#.#.#.#.#.#.#...
#........(................
#.#.###.#.#.#.#.#.#.#.####
#...# #######.............
##### ##########..####
###.....#####.)...
##.........###.###.


You could see an adder and a goblin.

Vanquished Creatures
  Natasha (D:2)
  3 dart slugs (D:1)
  A giant cockroach (D:1)
  A goblin (D:1)
  6 hobgoblins
  2 jackals (D:1)
  3 kobolds
  2 bats (D:1)
  2 frilled lizards (D:1)
  A rat (D:1)
22 creatures vanquished.

Notes
Turn   | Place    | Note
-------+----------+-------------------------------------------
     0 | D:1      | diana the Octopode Assassin began the quest for the Orb.
     0 | D:1      | Reached XP level 1. HP: 14/14 MP: 1/1
    93 | D:1      | Reached XP level 2. HP: 19/19 MP: 2/2
   313 | D:1      | Reached XP level 3. HP: 24/24 MP: 3/3
   489 | D:2      | Noticed Natasha
   493 | D:2      | Killed Natasha
   493 | D:2      | Reached skill level 6 in Stealth
   871 | D:1      | Slain by an adder

Skill      XL: |  1  2  3 |
---------------+----------+-----
Stealth        | 6 |  6.2
Fighting       | |  2.5
Short Blades   | |  2.5
Throwing       | |  2.0
Dodging        | |  1.7

Action                   || total
-------------------------++-------
Melee: Dagger            ||    40
       Tentacles         ||    11
       Constrict         ||     8
 Stab: Sleeping          ||     6
Armor: Skin              ||     5
Dodge: Dodged            ||    32
